 Dungeon Crawl Stone Soup version 0.22-a0-612-gd2f0174 (webtiles) character file.

23 iamserjio the Chopper (level 3, 0/34 HPs)
             Began as a Naga Berserker on July 11, 2018.
             Was a Follower of Trog.
             Slain by an orc
             ... wielding a +0 dagger
              (2 damage)
             ... on level 3 of the Dungeon.
             The game lasted 00:00:58 (109 turns).

iamserjio the Chopper (Naga Berserker)               Turns: 109, Time: 00:00:59

Health: 0/34       AC:  2    Str: 19    XL:     3   Next: 0%
Magic:  3/3        EV: 10    Int:  8    God:    Trog [*.....]
Gold:   11         SH:  0    Dex: 10    Spells: 2/2 levels left

rFire    . . .     SeeInvis +   a - +0 hand axe
rCold    . . .     Gourm    .   (no shield)
rNeg     . . .     Faith    .   b - +0 animal skin
rPois    +         Spirit   .   (no helmet)
rElec    .         Reflect  .   (no cloak)
rCorr    .         Harm     .   (no gloves)
MR       .....                  (no barding)
Stlth    ++........             d - amulet of inaccuracy (curse)
HPRegen  0.11/turn              (no ring)
MPRegen  0.08/turn              (no ring)

@: berserk cooldown, slowed, very slow
A: large, see invisible, deformed body, poison resistance, slowness 2, slow
metabolism 1, spit poison 1, AC +1
a: Spit Poison, Berserk, Renounce Religion


You were on level 3 of the Dungeon.
You worshipped Trog.
Trog was aware of your devotion.
You were not hungry.

You visited 1 branch of the dungeon, and saw 3 of its levels.

You collected 11 gold pieces.

Inventory:

Hand Weapons
 a - a +0 hand axe (weapon)
Armour
 b - a +0 animal skin (worn)
Jewellery
 d - a cursed amulet of inaccuracy (around neck)
Comestibles
 c - 2 rations


   Skills:
 + Level 3.2 Fighting
 * Level 3.4 Axes
 + Level 1.8 Armour
 - Level 1.5 Dodging
 + Level 1.5 Stealth


You had 2 spell levels left.
You didn't know any spells.
Your spell library was empty.

Dungeon Overview and Level Annotations

Branches:
Dungeon (3/15)

Altars:


Innate Abilities, Weirdness & Mutations

You cannot wear boots.
Your serpentine skin is tough. (AC +1)
You have supernaturally acute eyesight. (SInv)
Armour fits poorly on your strangely shaped body.
Your system is resistant to poisons. (rPois)
You cover ground very slowly.
You have a slow metabolism.
You can spit poison.


Message History

* * * LOW HITPOINT WARNING * * *
You hit the goblin.
You kill the goblin!
Trog accepts your kill.
You have reached level 3!
Your experience leads to an increase in your attributes!
Increase (S)trength, (I)ntelligence, or (D)exterity?
You feel clever.
Your skin feels tougher.
Press: ? - help, Shift-Dir - straight line, f - orc
Aim: an orc, wielding a dagger and wearing a scale mail The splash of poison misses the orc.
You feel slightly more hungry. The orc closely misses you.
The orc hits you with a dagger.
* * * LOW HITPOINT WARNING * * *
You closely miss the orc. The orc barely misses you.
You closely miss the orc. The orc misses you. The orc hits you with a dagger.
* * * LOW HITPOINT WARNING * * *
You hit the orc but do no damage.
You have got your breath back.
The orc hits you with a dagger.
You die...

############
.......<...#
######.#.#.#
#...†).#.#
#.##†#.#.#.#
#......)...#
#..###o#####
..... #@#
####
#.......#
#........
#$###.###
..# # ..#
#.. .#.


You could see an orc.

Vanquished Creatures
  An adder (D:3)
  A dart slug (D:3)
  A ball python (D:2)
  A goblin (D:3)
  4 hobgoblins
  A quokka (D:2)
  2 frilled lizards (D:2)
11 creatures vanquished.

Notes
Turn   | Place    | Note
-------+----------+-------------------------------------------
     0 | D:1      | iamserjio the Naga Berserker began the quest for the Orb.
     0 | D:1      | Reached XP level 1. HP: 21/21 MP: 1/1
    51 | D:2      | Reached XP level 2. HP: 24/28 MP: 2/2
    90 | D:3      | Reached skill level 1 in Stealth
   104 | D:3      | Reached XP level 3. HP: 10/34 MP: 3/3
   109 | D:3      | Slain by an orc

Vault maps used:
D:1:      minmay_arrival_split_and_join
D:2:      hangedman_feature_mirror, hangedman_decor_clover_reticule,
          uniq_natasha, uniq_sigmund
D:3:      gammafunk_temple_overflow_elements, minmay_goblin_outpost, uniq_ijyb,
          uniq_jessica, uniq_crazy_yiuf_cottage

Skill      XL: |  1  2 |
---------------+-------+-----
Stealth        | 1 |  1.5
Fighting       | |  3.2
Axes           | |  3.4
Armour         | |  1.8
Dodging        | |  1.5

Action                   || total
-------------------------++-------
Melee: Hand axe          ||    30
Invok: Berserk           ||     2
 Abil: Spit Poison       ||     1
Dodge: Dodged            ||    15

Table legend:
 A = Spawn XP
 B = Non-spawn XP
 C = Spawn XP percentage of total XP
 D = Spawn monster count
 E = Non-spawn monster count
 F = Spawn count percentage of total count
 G = Total turns spent on level
                    A         B        C        D         E        F      G
               +---------+---------+-------+---------+---------+-------+---------
         Total |       0 |      34 |   0.0 |       0 |      11 |   0.0 |   109
               +---------+---------+-------+---------+---------+-------+---------
           D:2 |       0 |      10 |   0.0 |       0 |       6 |   0.0 |    75
           D:3 |       0 |      24 |   0.0 |       0 |       5 |   0.0 |    24
               +---------+---------+-------+---------+---------+-------+---------
